 Dungeon Crawl Stone Soup version 0.27-a0-732-ga892ba84f6 (webtiles) character file.

Game seed: 6283461325641742315

49 rocketpapaya the Magician (level 3, 0/25 HPs)
             Began as a Djinni Enchanter on Mar 23, 2021.
             Slain by an iguana (9 damage)
             ... on level 2 of the Dungeon.
             The game lasted 00:09:01 (2145 turns).

rocketpapaya the Magician (Djinni Enchanter)        Turns: 2145, Time: 00:09:02

Health: 0/25       AC:  3    Str:  7    XL:     3   Next: 77%
Magic:  0/0        EV: 12    Int: 17    God:
Gold:   68         SH:  0    Dex: 13    Spells: 0/8 levels left

rFire    + + .     SeeInvis .   a - +1 dagger
rCold    x . .     Faith    .   (no shield)
rNeg     . . .     Spirit   .   b - +0 robe
rPois    ∞         Reflect  .   (no helmet)
rElec    .         Harm     .   c - +0 cloak
rCorr    .         Rampage  .   (no gloves)
Will     .....                  (boots unavailable)
Stlth    ++........             (no amulet)
HPRegen  0.08/turn              (no ring)
MPRegen  0.00/turn              (no ring)

@: flying, very slightly contaminated
A: fire resistance 2, cold vulnerability 1, float, innate caster, hp casting,
extra vitality 1
a: no special abilities


You were on level 2 of the Dungeon.
You visited 1 branch of the dungeon, and saw 2 of its levels.

You collected 68 gold pieces.

Inventory:

Hand Weapons
 a - a +1 dagger (weapon)
 g - a +0 hunting sling
Missiles
 h - 77 stones
 i - 13 sling bullets
Armour
 b - a +0 robe (worn)
 c - a +0 cloak (worn)
Wands
 l - a wand of paralysis (10)
Scrolls
 f - a scroll of noise {unknown}
Potions
 d - a potion of brilliance
 e - a potion of flight {unknown}
 j - a potion of berserk rage {unknown}
 k - a potion of heal wounds {unknown}
 m - a potion of mutation {unknown}


   Skills:
 - Level 3.0 Short Blades
 - Level 2.1 Dodging
 - Level 2.4 Stealth
 + Level 3.1 Spellcasting


You couldn't memorise any spells.
You knew the following spells:

 Your Spells              Type           Power      Damage    Failure   Level
a - Corona                Hex            14%        N/A       4%          1
b - Ensorcelled Hibernat  Hex/Ice        26%        N/A       8%          2
c - Confusing Touch       Hex            13%        N/A       14%         3
d - Tukima's Dance        Hex            13%        N/A       14%         3
e - Dazzling Flash        Conj/Hex       26%        N/A       14%         3
f - Pain                  Necr           52%        1d6       4%          1
Your spell library was empty.

Dungeon Overview and Level Annotations

Branches:
Dungeon (2/15)

Altars:

Shops:
D:1 [

Annotations:
D:2 exclusion: sky beast


Innate Abilities, Weirdness & Mutations

You are immune to poison.
Your flesh is very heat resistant. (rF++)
You are vulnerable to cold. (rC-)
You float through the air rather than walking.
You learn spells naturally, not from books.
Your magical power is your life essence.
You have superior vitality. (+4 HP)


Message History

The ball python hisses angrily.
g - a +0 hunting sling (weapon)
You shoot a stone.
The stone closely misses the ball python.
The iguana hisses angrily.
The stone hits the iguana but does no damage.
You shoot a stone. The stone hits the ball python.
You kill the ball python!
You shoot a stone. The stone hits the iguana.
The iguana is lightly wounded.
You shoot a stone. The stone barely misses the iguana.
You shoot a stone.
The stone hits the iguana but does no damage.
The iguana is lightly wounded.
Casting: Ensorcelled Hibernation (safe; 8% risk of failure)
Confirm with . or Enter, or press ? or * to list all spells.
Aiming: Ensorcelled Hibernation (safe; 8% risk of failure)
Press: ? - help, Shift-Dir - straight line, f/p - iguana
Aim: an iguana (lightly wounded, chance to affect: 52%)
You miscast Ensorcelled Hibernation.
You are very lightly contaminated with residual magic.
Nothing appears to happen.
The iguana closely misses you.
Casting: Ensorcelled Hibernation (safe; 8% risk of failure)
Confirm with . or Enter, or press ? or * to list all spells.
Aiming: Ensorcelled Hibernation (safe; 8% risk of failure)
Press: ? - help, Shift-Dir - straight line, f/p - iguana
Aim: an iguana (lightly wounded, chance to affect: 52%)
The iguana looks drowsy...
a - a +1 dagger (weapon)
The helpless iguana fails to defend itself.
You puncture the iguana!
The iguana is almost dead.
The iguana bites you!
Casting: Ensorcelled Hibernation (safe; 8% risk of failure)
Confirm with . or Enter, or press ? or * to list all spells.
Aiming: Pain (safe; 4% risk of failure)
Press: ? - help, Shift-Dir - straight line, f/p - iguana
Aim: an iguana (almost dead, chance to affect: 77%)
You miscast Pain.
Nothing appears to happen.
The iguana bites you!
You die...

..........## #
###.####...####...##
#...###.....##.....
...................
.....##.....##....
.....##..†..# #...
#...###.#†#.# #..# #####
#...<.# #..# # ###.###
#.@# . ###### #.#####.l#
.# #....####....##..##.#
<..................(##..
.....#######.##......((..
.....## #.###.#....(.(
......# #.# #.########
......## #.# #.#####
.......#####.# #.....#


You could see an iguana.

Vanquished Creatures
  A worm (D:2)
  2 orcs (D:2)
  5 bats
  3 giant cockroaches (D:1)
  7 goblins
  2 hobgoblins
  5 oozes
  3 quokkas
  4 ball pythons
  4 frilled lizards
  2 kobolds (D:1)
  2 rats (D:1)
40 creatures vanquished.

Notes
Turn   | Place    | Note
-------+----------+-------------------------------------------
     0 | D:1      | rocketpapaya the Djinni Enchanter began the quest for the
                  | Orb.
     0 | D:1      | Reached XP level 1. HP: 15/15 MP: 0/0
   162 | D:1      | Reached XP level 2. HP: 13/21 MP: 0/0
   998 | D:1      | Found Fyx Ozima's Armour Emporium.
  1223 | D:1      | Reached XP level 3. HP: 25/25 MP: 0/0
  1223 | D:1      | Learned a level 1 spell: Pain
  1598 | D:2      | Noticed a sky beast
  2145 | D:2      | Slain by an iguana

Illustrated notes

Levels and vault maps discovered:
D:1:      scummos_arrival_simple_fountains, layout_basic, serial_shops, shop
D:2:      lemuel_upstairs_altar, layout_loops_ring

Skill      XL: |  1  2  3 |
---------------+----------+-----
Short Blades   | 2 3 |  3.0
Spellcasting   | 3 |  3.1
Dodging        | |  2.1
Stealth        | |  2.4

Action                   || total
-------------------------++-------
Melee: Dagger            ||   111
 Fire: Hunting sling     ||    25
 Cast: Corona            ||     4
       Ensorcelled Hiber ||     9
       Pain              ||     1
  Use: Scroll            ||     2
 Stab: Sleeping          ||    12
Armor: Robe              ||    22
Dodge: Dodged            ||    77

Table legend: (Time is in decaauts)
 A = Elapsed time spent in this place.
 B = Non-inter-level travel time spent in this place.
 C = Inter-level travel time spent in this place.
 D = Time resting spent in this place.
 E = Time spent auto-exploring this place.
 F = Levels seen in this place.
 G = Mean time per level.
                   A        B        C        D        E       F      G
               +--------+--------+--------+--------+--------+-----+--------+
         Total |   2134 |   2076 |     58 |    731 |    542 |   2 | 1067.0 |
       Dungeon |   2134 |   2076 |     58 |    731 |    542 |   2 | 1067.0 |
               +--------+--------+--------+--------+--------+-----+--------+

Top non-repeatable levels by time:
     D:1: 1561 daAuts
     D:2: 572 daAuts
